Map: Vaani Research Station (Void)

Players

Daerra - Winner!

  • Race: Zerg Zerg
  • Spawn Location: 12:00

Fropez

  • Race: Protoss Protoss
  • League: Gold
  • Spawn Location: 6:00

VOD

Have the link to the VOD?

Description

Time

  • Played on: Dec. 5, 2016, 6:29 p.m.
  • Length: 15:34
Show
View Real Time Build Order
Export as new Build Order

Daerra Zerg - Winner!

Build Orders: Pool First 

Get SALT Encoding   

  12  0:01  Drone  
  13  0:08  Drone  
  14  0:14  Extractor  
  14  0:15  Drone  
  15  0:26  Overlord  
  15  0:35  Extractor  
  14  0:41  Spawning Pool  
  13  0:45  Drone  
  13  0:47  Drone  
  15  0:52  Drone  
  16  1:00  Drone  
  17  1:07  Drone  
  18  1:19  Drone  
  19  1:29  Queen  
  21  1:36  Metabolic Boost  
  21  1:51  Hatchery  
  21  1:52  Drone  
  21  1:53  Drone  
  22  2:03  Overlord  
  22  2:16  Spine Crawler, Drone  
  22  2:23  Drone  
  23  2:30  Lair  
  23  2:34  Extractor  
  22  2:38  Overlord  
  22  2:41  Drone  
  23  2:51  Roach Warren  
  23  2:52  Drone  
  23  2:58  Drone x2  
  23  3:01  Drone  
  26  3:05  Drone  
  26  3:10  Zergling x2  
  26  3:12  Zergling x2  
  29  3:21  Drone  
  29  3:22  Drone  
  29  3:26  Overlord  
  31  3:36  Evolution Chamber, Drone  
  31  3:39  Evolution Chamber, Drone  
  31  3:58  Spore Crawler  
  31  4:01  Spore Crawler  
  29  4:04  Spore Crawler  
  29  4:05  Drone, Spore Crawler  
  29  4:06  Drone x3  
  31  4:15  Drone x2  
  31  4:16  Drone  
  32  4:40  Roach  
  32  4:41  Roach x5  
  44  4:46  Zerg Ground Armor Level 1  
  44  4:49  Zerg Melee Weapons Level 1  
  44  4:55  Queen  
  46  5:13  Zergling x12  
  52  5:23  Overlord x3  
  52  5:29  Glial Reconstitution  
  52  5:44  Drone  
  52  5:45  Drone x6  
  59  6:13  Queen  
  59  6:14  Queen  
  59  6:16  Hydralisk Den  
  59  6:18  Zergling x2  
  63  6:19  Zergling x16  
  71  6:26  Drone x2  
  73  6:35  Infestation Pit, Drone  
  73  6:36  Drone x3  
  73  6:38  Overlord  
  76  6:56  Hatchery  
  75  7:01  Hydralisk  
  75  7:02  Hydralisk x3  
  83  7:13  Drone  
  84  7:19  Extractor  
  84  7:20  Extractor  
  84  7:21  Spine Crawler  
  81  7:24  Zerg Melee Weapons Level 2, Zerg Ground Armor Level 2  
  81  7:32  Drone x3  
  84  7:52  Overlord x3  
  84  8:11  Hydralisk, Spore Crawler  
  84  8:12  Hydralisk x6  
  97  8:21  Grooved Spines  
  97  8:32  Drone  
  97  8:33  Drone x5  
  103  8:53  Hive  
  103  8:55  Zergling x18  
  112  9:11  Drone x2  
  112  9:13  Overlord  
  112  9:14  Overlord x3  
  114  9:28  Overseer x2  
  114  9:31  Queen  
  114  9:37  Roach  
  114  9:38  Roach x5  
  128  9:41  Zerg Missile Weapons Level 1  
  128  9:45  Muscular Augments  
  128  9:51  Drone  
  128  9:52  Drone x3  
  132  10:04  Hydralisk x7  
  146  10:40  Overlord  
  146  10:41  Overlord x12  
  146  10:50  Ultralisk Cavern  
  145  10:59  Extractor  
  145  11:00  Extractor  
  143  11:10  Hatchery  
  142  11:15  Zerg Melee Weapons Level 3  
  142  11:25  Spore Crawler  
  141  11:35  Zerg Ground Armor Level 3  
  141  11:41  Roach x10  
  161  12:02  Chitinous Plating  
  161  12:06  Zergling x12  
  167  12:09  Adrenal Glands  
  141  12:58  Hatchery  
  140  13:13  Spire  
  135  13:20  Zergling x2  
  135  13:21  Zergling x24  
  142  13:32  Drone  
  140  13:34  Drone  
  140  13:35  Drone  
  138  14:07  Overseer x3  
  139  14:10  Zergling x18  
  147  14:22  Spine Crawler  
  147  14:23  Spine Crawler  
  145  14:29  Mutalisk  
  145  14:30  Mutalisk  
  148  14:49  Zergling x2  
  148  14:50  Zergling x8  
  152  14:57  Spore Crawler x2  
  152  14:58  Spore Crawler x2  
Show
View Real Time Build Order
Export as new Build Order

Fropez Protoss 

Build Orders: 1 Gate Expand 

Get SALT Encoding   

  12  0:01  Probe (Chrono Boost)  
  13  0:15  Pylon  
  13  0:18  Probe (Chrono Boost)  
  14  0:29  Probe (Chrono Boost)  
  15  0:36  Gateway  
  15  0:40  Probe (Chrono Boost)  
  16  0:50  Probe (Chrono Boost), Assimilator  
  17  1:16  Nexus  
  17  1:26  Cybernetics Core  
  17  1:30  Probe (Chrono Boost)  
  18  1:42  Probe (Chrono Boost)  
  18  1:45  Assimilator  
  19  1:52  Probe (Chrono Boost)  
  20  1:59  Pylon  
  20  2:03  Mothership Core (Chrono Boost)  
  21  2:19  Warp Gate (Chrono Boost)  
  21  2:21  Adept  
  23  2:28  Probe  
  23  2:29  Pylon  
  24  2:35  Pylon  
  24  2:40  Probe x2  
  26  2:52  Probe  
  26  2:55  Adept  
  29  3:02  Pylon  
  29  3:17  Probe  
  30  3:20  Probe  
  30  3:21  Pylon  
  30  3:22  Adept  
  33  3:29  Probe  
  33  3:30  Probe  
  35  3:49  Probe, Gateway  
  36  3:56  Probe  
  36  4:09  Assimilator  
  36  4:13  Pylon  
  36  4:16  Pylon  
  36  4:21  Gateway  
  36  4:37  Probe  
  37  4:38  Probe  
  38  4:45  Adept  
  38  4:47  Probe  
  38  4:50  Probe  
  42  4:58  Probe, Stargate  
  43  5:06  Stalker  
  45  5:08  Stalker  
  45  5:25  Forge  
  45  5:26  Probe  
  45  5:28  Probe  
  46  5:32  Pylon  
  47  5:37  Assimilator  
  47  5:39  Probe x2  
  47  5:41  Oracle (Chrono Boost)  
  52  5:49  Adept  
  54  5:50  Adept x2  
  54  5:51  Probe  
  59  6:02  Twilight Council  
  59  6:03  Probe  
  60  6:07  Protoss Ground Weapons Level 1 (Chrono Boost)  
  60  6:08  Oracle  
  60  6:14  Photon Cannon  
  63  6:23  Probe  
  63  6:24  Probe  
  65  6:33  Adept x2, Pylon  
  65  6:34  Photon Cannon  
  65  6:35  Probe  
  65  6:38  Probe  
  71  6:40  Adept  
  73  6:53  Oracle  
  73  6:59  Resonating Glaives  
  73  7:01  Adept x3  
  82  7:49  Oracle  
  82  7:51  Adept x3  
  91  8:04  Protoss Ground Weapons Level 2 (Chrono Boost)  
  91  8:17  Dark Shrine  
  91  8:18  Pylon  
  91  8:19  Adept  
  93  8:21  Robotics Facility  
  93  8:31  Pylon  
  93  8:32  Oracle  
  93  8:35  Pylon  
  93  8:38  Probe  
  93  8:40  Probe  
  93  8:41  Pylon  
  98  8:43  Adept x2  
  102  8:54  Protoss Air Weapons Level 1 (Chrono Boost)  
  102  9:07  Charge (Chrono Boost), Oracle  
  102  9:09  Zealot x2  
  109  9:10  Zealot  
  111  9:46  Oracle  
  111  9:50  Warp Prism  
  116  9:55  Probe x2  
  118  10:07  Nexus, Dark Templar x2  
  118  10:08  Dark Templar  
  118  10:09  Pylon  
  118  10:10  Protoss Ground Armor Level 1  
  118  10:11  Pylon  
  124  10:15  Pylon  
  120  11:25  Protoss Air Armor Level 1  
  120  11:30  Adept x3  
  126  11:48  Fleet Beacon  
  126  11:53  Photon Cannon  
  126  11:55  Photon Cannon  
  126  11:57  Photon Cannon  
  126  12:01  Photon Cannon  
  126  12:03  Gateway  
  126  12:04  Gateway  
  126  12:07  Gateway  
  126  12:10  Gateway  
  126  12:12  Gateway  
  126  12:13  Assimilator, Oracle  
  126  12:15  Gateway  
  129  12:16  Gateway  
  129  12:17  Gateway  
  129  12:19  Gateway  
  129  12:21  Assimilator  
  129  12:22  Pylon x2  
  127  12:25  Pylon  
  90  12:47  Nexus  
  90  12:49  Assimilator  
  90  12:54  Assimilator  
  90  12:57  Pylon  
  87  12:59  Dark Templar x2  
  87  13:00  Dark Templar  
  87  13:01  Pylon  
  87  13:05  Pylon  
  93  13:25  Adept x4  
  95  13:35  Zealot  
  95  13:36  Zealot x2  
  95  13:40  Oracle  
  94  14:39  Photon Cannon  
  94  14:41  Photon Cannon  
  94  14:44  Photon Cannon  
  94  14:45  Photon Cannon  
  94  14:48  Photon Cannon  
  94  14:52  Gateway  
  94  14:53  Gateway  
  94  14:57  Gateway  
  94  14:58  Dark Templar x2  
  94  14:59  Gateway  
  92  15:01  Gateway  
  92  15:02  Photon Cannon  
  92  15:06  Photon Cannon  
  53  15:24  Zealot  
  53  15:25  Zealot x2  
Tags
 
Add a new tag
Caveats
  • Supply blocks, unpowered buildings, or Contaminate may cause inaccurate times.
  • Supply counts are checked every 10 seconds.